 Dungeon Crawl Stone Soup version 0.29.1-2-gbd0b4ee654 (webtiles) character file.

Game seed: 17878530607821305128

1086 Icepheonix32 the Ruffian (level 7, 0/52 HPs)
             Began as a Demigod Transmuter on Nov 9, 2022.
             Slain by a gnoll
             ... wielding a +0 halberd
             ... led by a gnoll bouda
              (15 damage)
             ... on level 5 of the Dungeon.
             The game lasted 00:09:54 (5060 turns).

Icepheonix32 the Ruffian (Demigod Transmuter)       Turns: 5060, Time: 00:09:54

Health: 0/52       AC:  2    Str: 19    XL:     7   Next: 82%
Magic:  12/15      EV: 20    Int: 15    God:
Gold:   1001       SH:  0    Dex: 19    Spells: 3/13 levels left

rFire   . . .      SeeInvis .     - Unarmed
rCold   . . .      Faith    .   (shield currently unavailable)
rNeg    . . .      Spirit   .   (body armour currently unavailable)
rPois   .          Reflect  .   (helmet currently unavailable)
rElec   .          Harm     .   (cloak currently unavailable)
rCorr   .          Rampage  .   (gloves currently unavailable)
Will    .....                   (boots currently unavailable)
Stlth   ++........              (no amulet)
HPRegen 0.17/turn               e - ring of poison resistance
MPRegen 0.14/turn               (no ring)

@: spider-form, wereblooded
A: venomous fangs, tiny, high MP 1, forlorn, divine attributes
a: End Transformation


You were on level 5 of the Dungeon.
You were a venomous arachnid creature.
You visited 1 branch of the dungeon, and saw 5 of its levels.

You collected 1149 gold pieces.
You spent 148 gold pieces at shops.

Inventory:

Missiles
 g - a throwing net
 j - 5 javelins
Armour
 a - a +0 robe
 m - a +0 pair of gloves (melded)
 o - a +1 pair of boots (melded)
 q - a +0 helmet (melded)
 r - a +1 robe of cold resistance (melded)
Jewellery
 e - a ring of poison resistance (left front leg)
Wands
 n - a wand of paralysis (7)
Scrolls
 c - 3 scrolls of identify
 d - a scroll of magic mapping
 f - a scroll of fear
 h - 2 scrolls of immolation
 l - 2 scrolls of teleportation
Potions
 b - 2 potions of lignification
 i - 2 potions of curing
 k - a potion of attraction
 s - a potion of flight


   Skills:
 + Level 1.6 Fighting
 + Level 2.9 Dodging
 - Level 2.5 Stealth
 + Level 5.5 Unarmed Combat
 + Level 3.6 Spellcasting
 * Level 3.7 Transmutations
 * Level 0.1 Ice Magic
 + Level 3.1 Poison Magic


You had 3 spell levels left.
You knew the following spells:

 Your Spells              Type           Power      Damage    Failure   Level
a - Beastly Appendage     Tmut           28%        N/A       13%         1
b - Spider Form           Tmut/Pois      13%        N/A       32%         3
c - Wereblood             Tmut           14%        N/A       17%         2
d - Ice Form              Ice/Tmut       8%         N/A       82%         4

Your spell library contained the following spells:

 Spells                   Type           Power      Damage    Failure   Level
 Scorch                   Fire           4%         2d5       50%         2
 Flame Wave               Conj/Fire      2%         2d4       96%         4
 Summon Cactus Giant      Summ           1%         N/A       100%        6


Dungeon Overview and Level Annotations

Branches:
Dungeon (5/15)             Temple (0/1) D:5

Shops:
D:4 ?


Innate Abilities, Weirdness & Mutations

You are a venomous arachnid creature.
You have poisonous fangs.
You are tiny and dextrous.
Your spellcasting is less reliable in this form.
Your armour is entirely melded.
You are incapable of wielding weapons or throwing items.
You have an increased reservoir of magic. (+10% MP)
You shall have no god before yourself.
Your divine heritage dramatically boosts your attributes as you level up.


Message History

You hiss as the wereblood boils in your veins!
The gnoll bouda gazes fiercely through you!
You feel your attacks grow feeble. The gnoll bouda closely misses you.
You hit the gnoll bouda.
The gnoll bouda looks as sick as possible!
The gnoll bouda is moderately wounded.
The gnoll misses you.
The gnoll bouda hits you with a +0 club!
You hit the gnoll bouda but do no damage.
The gnoll bouda looks as sick as possible!
The gnoll bouda is moderately wounded.
The gnoll completely misses you.
The gnoll bouda hits you with a +0 club!
* * * LOW HITPOINT WARNING * * *
You feel better.
The gnoll hits you from afar with a +0 halberd!
* * * LOW HITPOINT WARNING * * *
The gnoll bouda barely misses you.
Unknown command.
You feel better. The gnoll misses you.
The gnoll bouda gazes fiercely through you!
You feel as though you will be weak longer.
The gnoll bouda misses you.
You hit the gnoll bouda.
You feel a bit better.
You kill the gnoll bouda!
The gnoll completely misses you. The gnoll misses you.
Things that are here:
a +0 club; a +0 robe; a gnoll corpse Unknown command.
You bite the gnoll!
The gnoll is poisoned.
The gnoll is heavily wounded.
The gnoll hits you with a +0 halberd.
* * * LOW HITPOINT WARNING * * *
You barely miss the gnoll.
The gnoll is heavily wounded.
Your attacks no longer feel as feeble.
The gnoll hits you with a +0 halberd!
You die...

###### #.# #...##.....
#......###.# #..#.....#
........##.# ##....>...
.........#.# #......#..
.........#.# #......#..
.........#.####.........
........)............##.
.......)....###......##.
.......s###.##.......###
.......g....#........#
.........##..........###
.........##..#.......##.
.........###.#####......
.........# #.# ######.
.........# #. ........##
###. #..>.


You could see a gnoll (swift, very poisoned).

Vanquished Creatures
  Pikel (D:4)
  Eustachio (D:5)
  Edmund (D:5)
  An ogre (D:4)
  A lemure (D:4)
  2 orc priests
  A gnoll bouda (D:5)
  2 iguanas (D:5)
  4 gnolls
  An ufetubus (D:5)
  3 worms
  2 dart slugs
  8 orcs
  10 ball pythons
  7 endoplasms
  4 giant cockroaches
  4 goblins
  4 hobgoblins
  3 quokkas
  5 bats
  2 frilled lizards
  11 kobolds
  7 rats
85 creatures vanquished.

Notes
Turn   | Place    | Note
-------+----------+-------------------------------------------
     0 | D:1      | Icepheonix32 the Demigod Transmuter began the quest for the
                  | Orb.
     0 | D:1      | Reached XP level 1. HP: 15/15 MP: 5/5
   311 | D:1      | Reached XP level 2. HP: 22/22 MP: 5/7
   336 | D:1      | Reached skill level 3 in Unarmed Combat
  1395 | D:2      | Reached XP level 3. HP: 27/27 MP: 7/9
  2169 | D:3      | Reached XP level 4. HP: 11/34 MP: 8/10
  2693 | D:3      | Reached skill level 1 in Fighting
  3061 | D:3      | Identified a scroll of acquirement
  3061 | D:3      | Acquired 913 gold pieces
  3080 | D:3      | Learned a level 3 spell: Spider Form
  3083 | D:3      | Learned a level 2 spell: Wereblood
  3130 | D:4      | Noticed a lemure
  3132 | D:4      | Noticed Pikel
  3132 | D:4      | Noticed a lemure
  3132 | D:4      | Noticed a lemure
  3134 | D:4      | Noticed a lemure
  3155 | D:4      | Killed a lemure
  3170 | D:4      | Killed Pikel
  3171 | D:4      | Reached skill level 4 in Unarmed Combat
  3171 | D:4      | Reached XP level 5. HP: 14/40 MP: 10/12
  3171 | D:4      | Reached XP level 6. HP: 16/47 MP: 10/13
  3174 | D:4      | Reached XP level 7. HP: 19/52 MP: 11/15
  3535 | D:4      | HP: 2/52 [ogre/+0 giant club (14)]
  3540 | D:4      | Reached skill level 5 in Unarmed Combat
  3968 | D:4      | Found Mynuk's Magic Scroll Emporium.
  3971 | D:4      | Bought a scroll of magic mapping for 82 gold pieces
  3971 | D:4      | Bought a scroll of identify for 22 gold pieces
  3971 | D:4      | Bought a scroll of fear for 44 gold pieces
  4078 | D:4      | You fall into a shaft and drop 1 floor!
  4078 | D:5      | Entered Level 5 of the Dungeon
  4410 | D:5      | Noticed Edmund
  4424 | D:5      | Killed Edmund
  4665 | D:5      | Found a staircase to the Ecumenical Temple.
  4668 | D:5      | Noticed Eustachio
  4714 | D:5      | Killed Eustachio
  5000 | D:4      | Learned a level 4 spell: Ice Form
  5060 | D:5      | Slain by a gnoll

Illustrated notes

Levels and vault maps discovered:
D:1:      heliophobic_arrival_dark_side_of_the_moon, layout_rooms,
          basic_ecumenical_altar, minivault_23
D:2:      wad_crossroads, layout_basic, basic_altar
D:3:      layout_basic
D:4:      layout_loops_ring, kennysheep_mini,
          nicolae_uskayaw_murder_on_the_dancefloor, serial_shops,
          kennysheep_mini_moat, uniq_pikel
D:5:      layout_rooms, minmay_temple_entry_junction_2, serial_shops, shop,
          minmay_holes, kennysheep_generic_room_11, uniq_edmund, uniq_eustachio

Skill      XL: |  1  2  3  4  5  6  7 |
---------------+----------------------+-----
Dodging        | 2 |  2.9
Transmutations | 2 3 |  3.7
Unarmed Combat | 3 4 5 |  5.5
Spellcasting   | 2 3 |  3.6
Fighting       | 1 |  1.6
Stealth        | 2 |  2.5
Poison Magic   | 2 3 |  3.1
Ice Magic      | |  0.1

Action                   |  1- 3 |  4- 6 |  7- 9 || total
-------------------------+-------+-------+-------++-------
Melee: Unarmed           |   120 |    74 |    62 ||   256
       Kick              |    18 |     5 |     4 ||    27
       Headbutt          |    15 |     4 |     2 ||    21
       Punch             |     2 |       |       ||     2
 Cast: Beastly Appendage |    32 |    13 |     6 ||    51
       Spider Form       |       |       |     8 ||     8
       Wereblood         |       |       |     1 ||     1
  Use: Potion            |     1 |     8 |     3 ||    12
       Scroll            |       |    10 |     3 ||    13
 Stab: Sleeping          |     2 |     3 |     1 ||     6
Armor: Robe              |    22 |     3 |     9 ||    34
       Skin              |       |    17 |     3 ||    20
Dodge: Dodged            |    64 |    23 |   134 ||   221
